Dernière mise à jour: 2025-12-07 16:11:59
% Time on Ice - SEATTLE GRUNGE
Lines # - Real PCT - Wanted PCT - Time Play
Normal Forward
1 - 37% - 36% - 18:12
2 - 30% - 30% - 14:24
3 - 25% - 25% - 11:55
4 - 8% - 9% - 4:04
Normal Defense
1 - 37% - 40% - 18:13
2 - 37% - 40% - 17:54
3 - 26% - 20% - 12:28
4 - 0% - 0% - 0:00
PP Forward
1 - 0% - 55%
2 - 0% - 45%
PP Defense
1 - 0% - 55%
2 - 0% - 45%
PK Forward
1 - 59% - 55% - 6:09
2 - 41% - 45% - 4:15
PK Defense
1 - 49% - 55% - 5:04
2 - 51% - 45% - 5:20
PK3 Forward
1 - 30% - 55% - 0:18
2 - 70% - 45% - 0:43
PK3 Defense
1 - 26% - 55% - 0:16
2 - 74% - 45% - 0:45
44 Forward
1 - 0% - 55%
2 - 0% - 45%
44 Defense
1 - 0% - 55%
2 - 0% - 45%
Last Minute Offensive  - 0:00
Last Minute Defensive  - 0:00
Total
Forward - 60:00
Defense - 60:00
% Time on Ice - CALGARY FIREMEN
Lines # - Real PCT - Wanted PCT - Time Play
Normal Forward
1 - 33% - 36% - 16:10
2 - 26% - 31% - 12:45
3 - 26% - 23% - 12:35
4 - 15% - 10% - 7:05
Normal Defense
1 - 30% - 36% - 14:39
2 - 29% - 31% - 14:04
3 - 23% - 23% - 11:04
4 - 18% - 10% - 8:48
PP Forward
1 - 49% - 55% - 5:38
2 - 51% - 45% - 5:47
PP Defense
1 - 51% - 55% - 5:49
2 - 49% - 45% - 5:36
PK Forward
1 - 0% - 55%
2 - 0% - 45%
PK Defense
1 - 0% - 55%
2 - 0% - 45%
PK3 Forward
1 - 0% - 55%
2 - 0% - 45%
PK3 Defense
1 - 0% - 55%
2 - 0% - 45%
44 Forward
1 - 0% - 55%
2 - 0% - 45%
44 Defense
1 - 0% - 55%
2 - 0% - 45%
Last Minute Offensive  - 0:00
Last Minute Defensive  - 0:00
Total
Forward - 60:00
Defense - 60:00
Play-by-Play 1st period 0:01 of 1st period - Sean Monahan wins face-off versus Tyler Johnson in neutral zone. 0:28 of 1st period - Shot by Tyler Johnson. 0:28 of 1st period - Deflect By Andrew Copp. 0:28 of 1st period - Stopped by Alexandar Georgiev with a rebound. 0:30 of 1st period - Shot by Jake McCabe. 0:30 of 1st period - Stopped by Alexandar Georgiev without a rebound. 0:31 of 1st period - Cody Glass wins face-off versus John Tavares in SEATTLE GRUNGE zone. 0:40 of 1st period - Shot by Michael McCarron. 0:40 of 1st period - Stopped by Alexandar Georgiev with a rebound. 1:01 of 1st period - Shot by Cody Glass. 1:01 of 1st period - Shot Misses the Net. 1:03 of 1st period - Shot by Michael McCarron. 1:03 of 1st period - Shot Misses the Net. 1:07 of 1st period - Shot by Cody Glass. 1:07 of 1st period - Shot Misses the Net. 1:41 of 1st period - Shot by Andrei Kuzmenko. 1:41 of 1st period - Stopped by Samuel Ersson without a rebound. 1:42 of 1st period - Connor Dewar wins face-off versus Kieffer Bellows in CALGARY FIREMEN zone. 1:56 of 1st period - Shot by Brett Howden. 1:56 of 1st period - Shot Hit the Post. 1:58 of 1st period - Shot by Mason Marchment. 1:58 of 1st period - Stopped by Alexandar Georgiev without a rebound. 1:59 of 1st period - Andrew Copp wins face-off versus Tyler Seguin in SEATTLE GRUNGE zone. 2:00 of 1st period - Shot by Calle Jarnkrok. 2:00 of 1st period - Stopped by Alexandar Georgiev without a rebound. 2:01 of 1st period - Tyler Seguin wins face-off versus Andrew Copp in SEATTLE GRUNGE zone. 2:20 of 1st period - Minor Penalty to Alexandre Carrier for Holding. 2:21 of 1st period - Jack Drury wins face-off versus Curtis Lazar in SEATTLE GRUNGE zone. 3:04 of 1st period - Icing by Michael McCarron. 3:05 of 1st period - Jack Drury wins face-off versus Connor Dewar in CALGARY FIREMEN zone. 3:05 of 1st period - Jack Drury is hit by Connor Dewar. 3:41 of 1st period - Shot by Jake McCabe. 3:41 of 1st period - Shot Misses the Net. 3:43 of 1st period - Shot by Calle Jarnkrok. 3:43 of 1st period - Shot Blocked by Travis Sanheim. 3:45 of 1st period - Shot by Tyler Johnson. 3:45 of 1st period - Shot Misses the Net. 3:47 of 1st period - Shot by Cody Glass. 3:47 of 1st period - Deflect By Tyler Johnson. 3:47 of 1st period - Shot Misses the Net. 3:49 of 1st period - Shot by Martin Fehervary. 3:49 of 1st period - Shot Misses the Net. 3:51 of 1st period - Shot by Jake McCabe. 3:51 of 1st period - Stopped by Alexandar Georgiev without a rebound. 3:52 of 1st period - Connor Dewar wins face-off versus Jack Drury in SEATTLE GRUNGE zone. 3:52 of 1st period - Connor Dewar is hit by Michael McCarron. 4:39 of 1st period - Juraj Slafkovsky is hit by Jake McCabe and loses puck. 6:02 of 1st period - Shot by Ryan Johansen. 6:02 of 1st period - Shot Misses the Net. 6:58 of 1st period - Shot by Michael McCarron. 6:58 of 1st period - Shot Misses the Net. 7:00 of 1st period - Shot by Michael McCarron. 7:00 of 1st period - Deflect By Cody Glass. 7:00 of 1st period - Shot Misses the Net. 7:02 of 1st period - Shot by Jack Drury. 7:02 of 1st period - Goal by Jack Drury - SEATTLE GRUNGE : 0 - CALGARY FIREMEN : 1. 7:03 of 1st period - Sean Monahan wins face-off versus Brett Howden in neutral zone. 7:24 of 1st period - Shot by Sean Monahan. 7:24 of 1st period - Goal by Sean Monahan - SEATTLE GRUNGE : 1 - CALGARY FIREMEN : 1. 7:25 of 1st period - Andrew Copp wins face-off versus Connor Dewar in neutral zone. 7:49 of 1st period - Shot by Curtis Lazar. 7:49 of 1st period - Deflect By Alexey Toropchenko. 7:49 of 1st period - Shot Misses the Net. 7:51 of 1st period - Shot by Curtis Lazar. 7:51 of 1st period - Shot Blocked by Ryan Graves. 7:53 of 1st period - Shot by Travis Sanheim. 7:53 of 1st period - Deflect By Curtis Lazar. 7:53 of 1st period - Shot Misses the Net. 7:55 of 1st period - Shot by Curtis Lazar. 7:55 of 1st period - Shot Blocked by Rasmus Sandin. 7:57 of 1st period - Shot by Travis Sanheim. 7:57 of 1st period - Stopped by Samuel Ersson without a rebound. 7:58 of 1st period - Cody Glass wins face-off versus Sean Monahan in CALGARY FIREMEN zone. 8:06 of 1st period - William Nylander is hit by Jake McCabe and loses puck. 8:32 of 1st period - Shot by William Nylander. 8:32 of 1st period - Shot Misses the Net. 8:34 of 1st period - Shot by Juraj Slafkovsky. 8:34 of 1st period - Shot Blocked by Jake McCabe. 8:39 of 1st period - William Nylander is hit by Jake McCabe and loses puck. 9:54 of 1st period - Shot by Andrew Copp. 9:54 of 1st period - Stopped by Alexandar Georgiev without a rebound. 9:55 of 1st period - Ryan Johansen wins face-off versus Connor Dewar in SEATTLE GRUNGE zone. 9:55 of 1st period - Ryan Johansen is hit by Travis Sanheim. 10:53 of 1st period - Minor Penalty to Juraj Slafkovsky for Roughing. 10:54 of 1st period - Andrew Copp wins face-off versus Andrei Kuzmenko in SEATTLE GRUNGE zone. 10:55 of 1st period - Shot by Martin Fehervary. 10:55 of 1st period - Shot Blocked by Travis Sanheim. 10:57 of 1st period - Shot by Martin Fehervary. 10:57 of 1st period - Stopped by Alexandar Georgiev without a rebound. 10:58 of 1st period - Andrei Kuzmenko wins face-off versus Tyler Johnson in SEATTLE GRUNGE zone. 12:09 of 1st period - Shot by Rasmus Sandin. 12:09 of 1st period - Goal by Rasmus Sandin - SEATTLE GRUNGE : 1 - CALGARY FIREMEN : 2. 12:10 of 1st period - Sean Monahan wins face-off versus Brett Howden in neutral zone. 12:13 of 1st period - Shot by William Nylander. 12:13 of 1st period - Stopped by Samuel Ersson without a rebound. 12:14 of 1st period - Sean Monahan wins face-off versus Kieffer Bellows in CALGARY FIREMEN zone. 12:14 of 1st period - Sean Monahan is hit by Jake McCabe. 12:20 of 1st period - Shot by Juraj Slafkovsky. 12:20 of 1st period - Stopped by Samuel Ersson with a rebound. 12:23 of 1st period - William Nylander is hit by Jake McCabe and loses puck. 15:30 of 1st period - Shot by Isac Lundestrom. 15:30 of 1st period - Shot Misses the Net. 15:32 of 1st period - Shot by Isac Lundestrom. 15:32 of 1st period - Deflect By Logan Stankoven. 15:32 of 1st period - Stopped by Alexandar Georgiev without a rebound. 15:33 of 1st period - Brett Howden wins face-off versus Sean Monahan in SEATTLE GRUNGE zone. 15:46 of 1st period - Shot by Mason Marchment. 15:46 of 1st period - Stopped by Alexandar Georgiev without a rebound. 15:47 of 1st period - Ryan Johansen wins face-off versus John Tavares in SEATTLE GRUNGE zone. 16:09 of 1st period - Shot by T.J. Oshie. 16:09 of 1st period - Shot Blocked by Jake McCabe. 16:18 of 1st period - Icing by Logan Stankoven. 16:19 of 1st period - Sean Monahan wins face-off versus Ryan Johansen in CALGARY FIREMEN zone. 17:23 of 1st period - Shot by Matvei Michkov. 17:23 of 1st period - Shot Misses the Net. 18:15 of 1st period - Shot by Tyler Seguin. 18:15 of 1st period - Stopped by Samuel Ersson without a rebound. 18:16 of 1st period - Cody Glass wins face-off versus Connor Dewar in CALGARY FIREMEN zone. 18:16 of 1st period - Jack Drury is hit by Curtis Lazar. 18:34 of 1st period - Minor Penalty to Kaiden Guhle for Elbowing. 18:35 of 1st period - Jack Drury wins face-off versus Curtis Lazar in SEATTLE GRUNGE zone. 18:52 of 1st period - Shot by Ryan Johansen. 18:52 of 1st period - Stopped by Alexandar Georgiev with a rebound. 18:54 of 1st period - Shot by Martin Fehervary. 18:54 of 1st period - Stopped by Alexandar Georgiev with a rebound. 18:56 of 1st period - Shot by Martin Fehervary. 18:56 of 1st period - Stopped by Alexandar Georgiev without a rebound. 18:57 of 1st period - Connor Dewar wins face-off versus Jack Drury in SEATTLE GRUNGE zone. 18:57 of 1st period - Connor Dewar is hit by Ryan Johansen. 19:04 of 1st period - Icing by Jake McCabe. 19:05 of 1st period - Connor Dewar wins face-off versus Jack Drury in CALGARY FIREMEN zone. 19:13 of 1st period - Off-side. 19:14 of 1st period - Curtis Lazar wins face-off versus Cody Glass in neutral zone. 19:25 of 1st period - Shot by Calle Jarnkrok. 19:25 of 1st period - Shot Misses the Net. 19:27 of 1st period - Shot by Calle Jarnkrok. 19:27 of 1st period - Stopped by Alexandar Georgiev without a rebound. 19:28 of 1st period - Jack Drury wins face-off versus Curtis Lazar in SEATTLE GRUNGE zone. Goals for this period are 1 for SEATTLE GRUNGE vs 2 for CALGARY FIREMEN. Shots for this period are 6 for SEATTLE GRUNGE vs 16 for CALGARY FIREMEN. 2nd period 0:01 of 2nd period - Cody Glass wins face-off versus Curtis Lazar in neutral zone. 0:31 of 2nd period - Shot by Calle Jarnkrok. 0:31 of 2nd period - Shot Misses the Net. 0:33 of 2nd period - Shot by Martin Fehervary. 0:33 of 2nd period - Stopped by Alexandar Georgiev without a rebound. 0:34 of 2nd period - Sean Monahan wins face-off versus Ryan Johansen in SEATTLE GRUNGE zone. 1:23 of 2nd period - Icing by Kaiden Guhle. 1:24 of 2nd period - Sean Monahan wins face-off versus Cody Glass in SEATTLE GRUNGE zone. 1:26 of 2nd period - Juraj Slafkovsky is hit by Michael McCarron and loses puck. 1:39 of 2nd period - Shot by Cody Glass. 1:39 of 2nd period - Stopped by Alexandar Georgiev without a rebound. 1:40 of 2nd period - Tyler Seguin wins face-off versus Andrew Copp in SEATTLE GRUNGE zone. 1:52 of 2nd period - Icing by Jake McCabe. 1:53 of 2nd period - Andrew Copp wins face-off versus John Tavares in CALGARY FIREMEN zone. 2:08 of 2nd period - Shot by Tyler Johnson. 2:08 of 2nd period - Stopped by Alexandar Georgiev without a rebound. 2:09 of 2nd period - Cody Glass wins face-off versus Tyler Seguin in SEATTLE GRUNGE zone. 2:24 of 2nd period - Shot by Andrei Kuzmenko. 2:24 of 2nd period - Stopped by Samuel Ersson without a rebound. 2:25 of 2nd period - Sean Monahan wins face-off versus Andrew Copp in CALGARY FIREMEN zone. 2:33 of 2nd period - Sean Monahan is hit by Jake McCabe and loses puck. 2:37 of 2nd period - Icing by Gustav Lindstrom. 2:38 of 2nd period - Tyler Seguin wins face-off versus Andrew Copp in CALGARY FIREMEN zone. 2:57 of 2nd period - Shot by Jake McCabe. 2:57 of 2nd period - Stopped by Alexandar Georgiev with a rebound. 2:59 of 2nd period - Shot by Gustav Lindstrom. 2:59 of 2nd period - Shot Blocked by Warren Foegele. 3:09 of 2nd period - Shot by Tyler Johnson. 3:09 of 2nd period - Deflect By Andrew Copp. 3:09 of 2nd period - Stopped by Alexandar Georgiev with a rebound. 3:11 of 2nd period - Shot by Gustav Lindstrom. 3:11 of 2nd perio